details: 'team talks shit fr 1 hour while I idle'

« prev index next »

General information

Mini Map

Players

team 1
Random» UndeadJEFFO.net (orange | 103 APM | 4483 actions | 43:37)
Hero icon 8 Death Knight
Ability icon 3 Death Coil
Ability icon 3 Unholy Aura
Ability icon 1 Animate Dead
Ability icon 1 Death Pact
Hero icon 7 Lich
Ability icon 3 Frost Nova
Ability icon 3 Frost Armor
Ability icon 1 Death and Decay
Hero icon 5 Dreadlord
Ability icon 2 Sleep
Ability icon 3 Vampiric Aura

» actions
Assign group hotkey117
Basic commands539
Build / train131
ESC pressed1
Enter build submenu26
Enter hero's abilities submenu21
Give item / drop item6
Right click1469
Select / deselect543
Select group hotkey1430
Use ability200
4483 total
» units
Acolyte20
Ghoul3
Crypt Fiend19
Obsidian Statue10
Goblin Zeppelin1
Gargoyle13
66 total
» upgrades
Creature Attack3
Web1
Creature Carapace3
Destroyer Form1
8 total
» buildings
Graveyard1
Crypt2
Ziggurat11
Altar of Darkness1
Tomb of Relics1
Nerubian Tower4
Halls of the Dead4
Slaughterhouse1
Black Citadel4
Necropolis3
Sacrificial Pit1
Spirit Tower1
34 total
» build order
00:11 Graveyard
00:13 Crypt
00:38 Ziggurat
00:59 Altar of Darkness
01:50 Ziggurat
02:02 Tomb of Relics
02:33 Nerubian Tower
02:33 Nerubian Tower
03:51 Halls of the Dead
03:51 Halls of the Dead
03:52 Halls of the Dead
04:23 Ziggurat
05:52 Ziggurat
06:47 Slaughterhouse
08:56 Black Citadel
08:57 Black Citadel
08:57 Black Citadel
08:57 Black Citadel
10:53 Ziggurat
10:55 Ziggurat
12:25 Necropolis
13:11 Sacrificial Pit
15:52 Necropolis
21:04 Ziggurat
21:05 Ziggurat
22:23 Nerubian Tower
22:26 Spirit Tower
30:53 Crypt
35:47 Necropolis
35:49 Ziggurat
35:51 Ziggurat
35:55 Ziggurat
43:07 Halls of the Dead
» items
Rod of Necromancy2
Potion of Healing2
Potion of Mana1
Orb of Corruption1
Scroll of Town Portal7
Dust of Appearance3
Potion of Lesser Invulnerability2
Scroll of Healing1
19 total
HumanAFKBangingYoMom (pink | 1 APM | 62 actions | 46:08)

» actions
Assign group hotkey5
Enter build submenu3
Right click20
Select / deselect25
Select group hotkey6
Use ability3
62 total
» buildings
Ziggurat1
1 total
» build order
46:00 Ziggurat
NightElfLittleBoPeep (red | 79 APM | 3481 actions | 43:48)
Hero icon 6 Priestess of the Moon
Ability icon 3 Searing Arrows
Ability icon 2 Trueshot Aura
Ability icon 1 Starfall
Hero icon 3 Keeper of the Grove
Ability icon 2 Entangling Roots
Ability icon 1 Thorns Aura

» actions
Assign group hotkey78
Basic commands261
Build / train122
ESC pressed10
Enter build submenu44
Enter hero's abilities submenu9
Give item / drop item2
Right click1068
Select / deselect662
Select group hotkey1090
Use ability134
3481 total
» units
Wisp44
Archer11
Huntress11
Mountain Giant4
Hippogryph10
80 total
» upgrades
Sentinel1
Upgrade Moon Glaive1
Strength of the Moon1
Hardened Skin1
Resistant Skin1
Reinforced Hides3
Strength of the Wild1
9 total
» buildings
Altar of Elders3
Moon Well19
Ancient of War2
Hunter's Hall1
Tree of Life5
Ancient Protector4
Tree of Ages2
Ancient of Wonders2
Tree of Eternity1
Ancient of Wind4
Ancient of Lore3
46 total
» build order
00:09 Altar of Elders
00:19 Moon Well
00:47 Ancient of War
01:32 Moon Well
01:57 Ancient of War
02:24 Moon Well
02:48 Hunter's Hall
04:29 Tree of Life
04:34 Ancient Protector
04:52 Ancient Protector
05:20 Ancient Protector
05:51 Tree of Ages
06:27 Ancient Protector
09:06 Ancient of Wonders
09:40 Tree of Eternity
09:42 Ancient of Wind
10:08 Tree of Life
11:20 Moon Well
11:21 Moon Well
13:10 Ancient of Lore
13:11 Ancient of Lore
13:15 Ancient of Lore
14:11 Moon Well
15:48 Moon Well
16:55 Ancient of Wind
17:45 Ancient of Wind
17:48 Ancient of Wind
23:52 Tree of Life
30:38 Altar of Elders
31:03 Tree of Life
31:06 Tree of Life
31:12 Tree of Ages
31:16 Moon Well
31:18 Moon Well
31:23 Altar of Elders
31:30 Ancient of Wonders
35:10 Moon Well
35:26 Moon Well
35:30 Moon Well
35:34 Moon Well
35:38 Moon Well
35:41 Moon Well
35:45 Moon Well
35:48 Moon Well
35:51 Moon Well
35:56 Moon Well
» items
Rod of Necromancy1
Scroll of Town Portal7
Potion of Healing4
Dust of Appearance2
Orb of Venom1
Staff of Preservation1
Potion of Lesser Invulnerability1
17 total
Random» UndeadLastManStanding (yellow | 59 APM | 2637 actions | 44:25)
Hero icon 8 Death Knight
Ability icon 3 Death Coil
Ability icon 3 Unholy Aura
Ability icon 1 Animate Dead
Ability icon 1 Death Pact
Hero icon 4 Lich
Ability icon 2 Frost Armor
Ability icon 2 Frost Nova

» actions
Assign group hotkey158
Basic commands59
Build / train91
ESC pressed26
Enter build submenu33
Enter hero's abilities submenu13
Give item / drop item4
Right click1282
Select / deselect510
Select group hotkey326
Use ability135
2637 total
» units
Acolyte13
Ghoul5
Crypt Fiend12
Frost Wyrm11
Goblin Shredder1
Blue Dragon1
Gargoyle2
45 total
» upgrades
Creature Attack3
Creature Carapace3
Freezing Breath1
Web1
Burrow1
9 total
» buildings
Ziggurat15
Crypt2
Graveyard1
Altar of Darkness1
Tomb of Relics2
Halls of the Dead1
Black Citadel1
Sacrificial Pit1
Spirit Tower3
Nerubian Tower3
Necropolis6
Boneyard3
39 total
» build order
00:13 Ziggurat
00:14 Crypt
00:57 Graveyard
01:08 Altar of Darkness
01:56 Ziggurat
02:28 Tomb of Relics
03:50 Halls of the Dead
04:58 Ziggurat
06:12 Black Citadel
06:15 Sacrificial Pit
06:30 Spirit Tower
06:32 Nerubian Tower
06:33 Nerubian Tower
06:46 Necropolis
06:57 Ziggurat
06:58 Ziggurat
07:07 Ziggurat
08:13 Spirit Tower
08:14 Nerubian Tower
08:59 Boneyard
09:02 Boneyard
09:11 Boneyard
11:45 Ziggurat
11:48 Ziggurat
11:50 Ziggurat
11:52 Tomb of Relics
25:40 Crypt
29:40 Necropolis
35:21 Ziggurat
35:22 Ziggurat
35:23 Ziggurat
36:05 Ziggurat
36:06 Ziggurat
36:07 Ziggurat
36:59 Necropolis
39:07 Necropolis
39:28 Necropolis
40:11 Necropolis
43:50 Spirit Tower
» items
Rod of Necromancy2
Potion of Lesser Invulnerability1
Scroll of Town Portal6
Orb of Corruption2
Potion of Healing2
Scroll of Healing2
15 total
team 2
OrcOrc.T (blue | 64 APM | 2975 actions | 46:08)
Hero icon 6 Blademaster
Ability icon 3 Wind Walk
Ability icon 2 Critical Strike
Ability icon 1 Bladestorm
Hero icon 3 Beastmaster
Ability icon 2 Summon Quilbeast
Ability icon 1 Summon Hawk
Hero icon 1 Archmage
Ability icon 1 Summon Water Elemental

» actions
Assign group hotkey34
Basic commands29
Build / train140
ESC pressed10
Enter build submenu34
Enter hero's abilities submenu10
Give item / drop item5
Remove unit from queue7
Right click1583
Select / deselect770
Select group hotkey187
Use ability166
2975 total
» units
Peon30
Grunt7
Troll Batrider17
Tauren11
Shaman5
Goblin Zeppelin2
Goblin Shredder1
73 total
» upgrades
Berserker Strength2
Liquid Fire1
Reinforced Defenses1
Ranged Weapons2
Armor3
Pillage1
Shaman Training2
Pulverize1
Melee Weapons2
Spiked Barricades2
Troll Regeneration1
Berserker Upgrade1
Burning Oil1
Ensnare1
Envenomed Spears1
War Drums Damage Increase1
Witch Doctor Training1
Spirit Walker Training1
25 total
» buildings
Altar of Storms1
Orc Burrow8
Voodoo Lounge1
Barracks2
Stronghold1
Beastiary3
War Mill2
Fortress1
Tauren Totem2
Great Hall5
Spirit Lodge1
Watch Tower5
32 total
» build order
00:06 Altar of Storms
00:13 Orc Burrow
00:51 Voodoo Lounge
01:40 Barracks
01:47 Barracks
02:04 Orc Burrow
03:22 Orc Burrow
03:26 Orc Burrow
06:08 Stronghold
10:01 Beastiary
10:13 Beastiary
10:30 War Mill
11:27 Fortress
11:54 Orc Burrow
15:20 Orc Burrow
15:38 Tauren Totem
15:56 Tauren Totem
17:43 Orc Burrow
17:45 Orc Burrow
19:01 Great Hall
20:34 Spirit Lodge
27:46 Great Hall
28:37 Great Hall
31:33 Great Hall
31:47 Beastiary
32:21 War Mill
40:43 Watch Tower
41:44 Watch Tower
41:47 Watch Tower
41:49 Watch Tower
44:59 Great Hall
45:42 Watch Tower
» items
Healing Salve2
Lesser Clarity Potion6
Staff of Teleportation1
Periapt of Vitality1
Scroll of Town Portal5
Orb of Lightning1
Scroll of Healing1
Scroll of Protection1
18 total
Random» NightElfLegendsNeverDie (green | 35 APM | 1606 actions | 46:08)
Hero icon 8 Priestess of the Moon
Ability icon 3 Trueshot Aura
Ability icon 3 Searing Arrows
Ability icon 1 Starfall
Ability icon 1 Scout
Hero icon 6 Keeper of the Grove
Ability icon 3 Entangling Roots
Ability icon 2 Thorns Aura
Ability icon 1 Tranquility

» actions
Assign group hotkey12
Basic commands71
Build / train106
ESC pressed4
Enter build submenu27
Enter hero's abilities submenu15
Give item / drop item1
Right click742
Select / deselect528
Select group hotkey25
Use ability75
1606 total
» units
Wisp30
Huntress10
Hippogryph27
Chimaera11
78 total
» upgrades
Corrosive Breath1
Ultravision1
Strength of the Wild3
5 total
» buildings
Altar of Elders1
Moon Well8
Hunter's Hall1
Ancient of War2
Tree of Ages1
Tree of Eternity1
Ancient of Wind2
Tree of Life6
Chimaera Roost2
Ancient of Wonders1
25 total
» build order
00:09 Altar of Elders
00:24 Moon Well
01:34 Hunter's Hall
01:57 Ancient of War
02:01 Ancient of War
02:13 Moon Well
02:57 Moon Well
04:51 Moon Well
06:33 Moon Well
07:05 Tree of Ages
08:40 Moon Well
09:47 Tree of Eternity
09:52 Ancient of Wind
10:30 Ancient of Wind
11:29 Tree of Life
12:16 Chimaera Roost
12:18 Chimaera Roost
12:35 Tree of Life
15:34 Tree of Life
24:03 Tree of Life
29:27 Tree of Life
30:00 Moon Well
30:05 Moon Well
38:32 Ancient of Wonders
39:32 Tree of Life
» items
Scroll of Town Portal2
Anti-magic Potion2
4 total
Random» HumanRaNoR (purple | 33 APM | 1514 actions | 46:08)
Hero icon 8 Blood Mage
Ability icon 3 Flame Strike
Ability icon 3 Siphon Mana
Ability icon 1 Summon Phoenix
Ability icon 1 Banish

» actions
Assign group hotkey20
Basic commands4
Build / train89
Enter build submenu29
Enter hero's abilities submenu8
Give item / drop item1
Remove unit from queue7
Right click598
Select / deselect424
Select group hotkey230
Use ability104
1514 total
» units
Peasant16
Rifleman16
Sorceress2
Priest3
Spell Breaker3
Siege Engine5
Goblin Zeppelin1
46 total
» upgrades
Gunpowder2
Armor2
Long Rifles1
Sorceress Training2
Priest Training2
Control Magic1
Barrage1
11 total
» buildings
Altar of Kings1
Farm12
Scout Tower10
Arcane Tower2
Blacksmith1
Barracks2
Lumber Mill1
Arcane Vault1
Keep1
Guard Tower3
Arcane Sanctum2
Castle1
Town Hall2
Workshop3
Cannon Tower1
43 total
» build order
00:39 Altar of Kings
00:46 Farm
01:14 Scout Tower
01:58 Farm
02:00 Arcane Tower
02:34 Blacksmith
02:43 Barracks
03:11 Barracks
03:27 Lumber Mill
03:46 Farm
03:49 Farm
03:50 Farm
04:27 Farm
04:30 Scout Tower
04:44 Arcane Vault
05:50 Keep
06:42 Farm
06:43 Farm
06:44 Farm
06:50 Guard Tower
09:20 Arcane Sanctum
09:22 Arcane Sanctum
10:37 Scout Tower
10:39 Scout Tower
13:23 Castle
13:35 Farm
13:35 Farm
13:37 Farm
17:11 Town Hall
29:06 Town Hall
31:10 Scout Tower
31:12 Scout Tower
32:18 Guard Tower
32:21 Scout Tower
32:22 Scout Tower
33:12 Guard Tower
33:14 Arcane Tower
38:06 Workshop
38:10 Workshop
39:28 Workshop
45:18 Scout Tower
46:00 Cannon Tower
46:05 Scout Tower
» items
Scroll of Regeneration3
Scroll of Town Portal5
Potion of Healing1
9 total
Humanfingeralilkid (teal | 57 APM | 2295 actions | 40:00)
Hero icon 8 Archmage
Ability icon 1 Summon Water Elemental
Ability icon 3 Brilliance Aura
Ability icon 3 Blizzard
Ability icon 1 Mass Teleport

» actions
Assign group hotkey19
Basic commands2
Build / train117
Enter build submenu24
Enter hero's abilities submenu9
Give item / drop item4
Remove unit from queue16
Right click884
Select / deselect431
Select group hotkey548
Use ability241
2295 total
» units
Peasant21
Footman13
Knight7
Dragonhawk Rider20
Goblin Shredder1
62 total
» upgrades
Defend1
Swords3
Lumber Harvesting2
Masonry3
Gunpowder0
Armor3
Animal War Training1
Cloud1
14 total
» buildings
Altar of Kings1
Barracks2
Farm12
Lumber Mill3
Arcane Vault1
Blacksmith1
Keep3
Town Hall1
Castle2
Gryphon Aviary4
30 total
» build order
00:12 Altar of Kings
00:21 Barracks
00:37 Farm
00:38 Farm
01:37 Farm
02:03 Lumber Mill
02:24 Farm
02:42 Lumber Mill
02:50 Lumber Mill
02:53 Barracks
03:08 Farm
03:10 Arcane Vault
04:29 Blacksmith
05:50 Keep
06:42 Town Hall
08:55 Castle
08:55 Castle
10:43 Gryphon Aviary
10:45 Gryphon Aviary
10:47 Gryphon Aviary
10:49 Gryphon Aviary
12:25 Farm
12:25 Farm
12:27 Farm
12:58 Farm
12:59 Farm
15:06 Farm
15:07 Farm
35:15 Keep
» items
Scroll of Regeneration2
Scroll of Town Portal4
Potion of Mana2
Potion of Healing1
Potion of Lesser Invulnerability1
Tiny Great Hall1
11 total

Chat log

(00:08 / All) RaNoR: haha
(00:41 / Allies) JEFFO.net: dk fiends
(00:53 / Allies) LittleBoPeep: ublar nooblar here
(01:42 / Allies) LittleBoPeep: ublar nooblar here

(04:01 / Allies) LastManStanding: il go frost

(06:07 / Allies) LastManStanding: multi tasking, wont be in a sec
(06:19 / Allies) JEFFO.net: b

(10:12 / All) RaNoR: Whoopd
(10:57 / Allies) LastManStanding: wood?
(11:51 / Allies) JEFFO.net: gold?
(11:57 / Allies) LastManStanding: wood?
(12:00 / Allies) LastManStanding: ty
(12:03 / Allies) JEFFO.net: build more ghouls
(12:20 / Allies) LastManStanding: no more gold

(15:35 / Allies) JEFFO.net: coming
(16:31 / Allies) LittleBoPeep: going to need some assistance
(17:22 / Allies) LastManStanding: oj
(17:24 / Allies) LastManStanding: ffs idiot
(17:27 / Allies) LastManStanding: fiends
(17:28 / Allies) LastManStanding: VCOME ON
(17:36 / Allies) LastManStanding: pay ther fuck attention dude
(18:28 / Allies) LastManStanding: fuck u oj
(19:22 / Allies) JEFFO.net: they have all air
(19:24 / Allies) JEFFO.net: we need anti air
(19:36 / Allies) LastManStanding: you missed chance to web all his shit while they shackled wyrms
(19:48 / Allies) LastManStanding: you need to use fiends to web when they shackle

(22:22 / Allies) LittleBoPeep: i need tp
(22:25 / Allies) LittleBoPeep: wait for refresh
(22:53 / Allies) LittleBoPeep: come to me
(23:22 / All) RaNoR: lameeee

(25:54 / Allies) LittleBoPeep: i need help
(25:57 / Allies) JEFFO.net: i will tp
(26:01 / All) RaNoR: lets go
(26:09 / Allies) JEFFO.net: ready to tp
(26:10 / Allies) JEFFO.net: yellow
(26:18 / Allies) LastManStanding: i will get main first
(26:32 / Allies) LastManStanding: shoukl di just kill teal?
(26:34 / Allies) LittleBoPeep: fucknig now
(26:36 / Allies) LittleBoPeep: god dam
(26:36 / Allies) LittleBoPeep: wtf
(26:39 / Allies) JEFFO.net: GO
(26:40 / Allies) LittleBoPeep: u nigger fucks
(26:41 / Allies) LittleBoPeep: man
(26:42 / Allies) LittleBoPeep: we had this
(26:44 / Allies) LittleBoPeep: god fucking heel
(26:49 / Allies) LittleBoPeep: fuck you niggers
(26:50 / Allies) LittleBoPeep: wtf
(26:58 / All) LittleBoPeep: fucking had this owned
(27:01 / Allies) LittleBoPeep: fucking niggers
(27:04 / Allies) LittleBoPeep: fucking noob fucks
(27:06 / Allies) LastManStanding: dude
(27:18 / Allies) LastManStanding: i got teals main they are moving slower
(27:35 / Allies) LittleBoPeep: fucking god
(27:44 / Allies) LittleBoPeep: had this so fucking easy
(27:47 / Allies) LittleBoPeep: fucking amazing
(27:57 / Allies) JEFFO.net: yellow
(27:58 / Allies) JEFFO.net: wtf
(27:58 / Allies) LittleBoPeep: fucking simple win
(28:09 / Allies) LastManStanding: yea you guys are stupid as fuck
(28:14 / Allies) LittleBoPeep: fucking simple win
(28:15 / Allies) LittleBoPeep: wtf
(28:21 / Allies) LittleBoPeep: you fucking blow
(28:22 / Allies) LastManStanding: see teals base?
(28:28 / Allies) JEFFO.net: base doesnt matter
(28:31 / Allies) LastManStanding: less talk
(28:34 / Allies) LastManStanding: you blow man
(28:34 / Allies) LittleBoPeep: fucking retard
(28:39 / Allies) LastManStanding: dont rage on top of it
(28:44 / Allies) LittleBoPeep: ive been getting teamed all game
(28:46 / Allies) LittleBoPeep: your noting
(28:49 / Allies) LastManStanding: teal was the only real threah
(29:08 / Allies) LittleBoPeep: had this easy as fuck
(29:11 / Allies) LittleBoPeep: you fucking noobs
(29:16 / Allies) LittleBoPeep: run around jacking off
(29:21 / Allies) LastManStanding: just leav enewb
(29:25 / Allies) LastManStanding: leave game newb
(29:30 / Allies) LittleBoPeep: your trash
(29:33 / Allies) LittleBoPeep: u fucking joke
(29:33 / Allies) LastManStanding: leave
(29:35 / Allies) LastManStanding: less talk
(29:36 / Allies) LittleBoPeep: k fag
(29:37 / Allies) LastManStanding: more leaving
(29:47 / Allies) LastManStanding: rage harder kid
(29:47 / Allies) JEFFO.net: yellow why didnt you tp
(29:49 / Allies) LastManStanding: its pathetic
(29:51 / Allies) LastManStanding: i did tp
(29:56 / All) fingeralilkid: U KILLED ALL MY PEONS
(29:56 / All) fingeralilkid: OMG
(29:58 / Allies) LastManStanding: i was already taking teals main
(30:02 / Allies) LittleBoPeep: piss away more of your life
(30:05 / Allies) LittleBoPeep: fucking amazing
(30:09 / Allies) LittleBoPeep: what a trash basket
(30:14 / Allies) LastManStanding: keep talking shit
(30:19 / Allies) LastManStanding: not my fault you cant look at map
(30:23 / Allies) LittleBoPeep: im just pointing out the facts
(30:26 / Allies) LastManStanding: your main was fine, theirs was gone
(30:26 / Allies) LittleBoPeep: im not even talking trash
(30:35 / Allies) LastManStanding: i forced teal to tp out
(30:43 / Allies) LittleBoPeep: fucking moron
(30:47 / Allies) LastManStanding: actual, you're the moron
(30:51 / Allies) LastManStanding: it's fucking pathetic, as well.
(30:58 / Allies) LittleBoPeep: your life?
(30:59 / Allies) LittleBoPeep: no shit
(31:03 / Allies) LastManStanding: clever insult
(31:05 / Allies) LastManStanding: mad much?
(31:38 / Allies) JEFFO.net: red stop
(31:45 / Allies) LastManStanding: he's newb
(31:48 / Allies) LastManStanding: its his nature
(31:48 / All) RaNoR: haha
(31:53 / Allies) LittleBoPeep: id fucking own you 1v1
(31:55 / Allies) JEFFO.net: but stop
(31:55 / Allies) LittleBoPeep: so fucking hard
(31:59 / Allies) LittleBoPeep: you wouldnt even show
(32:01 / Allies) LastManStanding: lol trash newb
(32:01 / Allies) LittleBoPeep: up to the game
(32:05 / Allies) LastManStanding: why so mad?
(32:16 / Allies) LastManStanding: rage harder bc ur racks werent worth a main
(32:19 / Allies) LittleBoPeep: cus you fucking pissed this game away
(32:26 / Allies) LittleBoPeep: like a little nigger with a 40oz
(32:28 / Allies) JEFFO.net: yellow
(32:30 / Allies) JEFFO.net: we lost all our army
(32:38 / Allies) LastManStanding: yea, pretty dumb of you all
(32:43 / Allies) LittleBoPeep: fucking moron
(32:44 / Allies) JEFFO.net: if you tp
(32:45 / Allies) JEFFO.net: we win easily
(32:48 / Allies) LastManStanding: considering i was at teal base doing more damage
(32:49 / Allies) LastManStanding: no
(32:50 / Allies) LittleBoPeep: try
(32:51 / Allies) LittleBoPeep: ty
(32:51 / Allies) LastManStanding: he would shackle
(32:55 / Allies) LastManStanding: and you would fail to web
(32:56 / Allies) LittleBoPeep: this brain dead nigger
(32:58 / Allies) LastManStanding: like you had every proceeding fight
(33:01 / Allies) LittleBoPeep: go get some fried chicken
(33:03 / Allies) LittleBoPeep: you nigger fuck
(33:06 / Allies) LastManStanding: you are both incompetant baffoons
(33:10 / Allies) LastManStanding: living in self delusion
(33:15 / Allies) LastManStanding: get over the fact you lost a base
(33:16 / Allies) JEFFO.net: no
(33:18 / Allies) JEFFO.net: you are wrong
(33:19 / Allies) LastManStanding: grow the fuck up newb
(33:21 / Allies) LittleBoPeep: this fucking trashbag
(33:22 / Allies) LastManStanding: actually, im not.
(33:26 / Allies) LastManStanding: you suckwd ass this game
(33:28 / Allies) LastManStanding: couldnt even web
(33:32 / Allies) LittleBoPeep: too bad you still play this game
(33:38 / Allies) LittleBoPeep: so fucking clueless
(33:44 / Allies) LastManStanding: you could have left a long time ago
(33:48 / Allies) LastManStanding: keep talking shit, newb
(34:16 / Allies) LittleBoPeep: you could have gotten your fried chicken and 40ozs
(34:24 / Allies) LittleBoPeep: saved us the loss
(34:39 / Allies) LastManStanding: true newb

(35:56 / All) AFKBangingYoMom: *price is right loser noise*
(36:02 / All) AFKBangingYoMom: nice nuke orange
(36:03 / Allies) LittleBoPeep: fucking noob
(36:08 / All) JEFFO.net: ty
(36:09 / Allies) LastManStanding: said the newb
(36:37 / Allies) LittleBoPeep: why dont you be a good little bitch and hook me up with a win
(36:43 / Allies) LittleBoPeep: my little warcraf whore
(36:48 / Allies) LastManStanding: you sound like angry drunk
(36:49 / Allies) LittleBoPeep: ima whore your ass out for a win
(36:49 / Allies) AFKBangingYoMom: he obvioulsy has a critter or zep up tehere
(37:24 / Allies) LittleBoPeep: pimp you out like your dad

(38:36 / Allies) LastManStanding: im b
(38:42 / Allies) LastManStanding: b
(38:42 / Allies) LastManStanding: b
(39:04 / Allies) LittleBoPeep: yellows clown ass
(39:09 / Allies) AFKBangingYoMom: orange's micro = non existent
(39:11 / Allies) LittleBoPeep: fucking gimped and pimped
(39:13 / Allies) LastManStanding: says the dead newb tker
(39:19 / All) JEFFO.net: i suck
(39:20 / All) JEFFO.net: lol
(39:23 / Allies) LittleBoPeep: fill up ur mine
(39:25 / Allies) LittleBoPeep: you dumb nigger
(39:32 / Allies) LastManStanding: the one whos workers you killed?
(39:35 / Allies) LastManStanding: eat a dick newb
(39:39 / Allies) LittleBoPeep: the one aco
(39:45 / Allies) LittleBoPeep: you fucking drama queen
(39:52 / Allies) LittleBoPeep: man i bet your wearing lipstick
(39:53 / Allies) LastManStanding: says the newb with no units
(39:55 / Allies) LittleBoPeep: right now
(39:57 / Allies) LastManStanding: throwing tantrum
(40:09 / All) RaNoR: such a long game
(40:13 / Allies) LittleBoPeep: tucked your dick between your legs
(40:21 / Allies) LastManStanding: lol
(40:26 / Allies) LastManStanding: you got some weird ass imagination
(40:38 / Allies) LastManStanding: how many psych meds you on lol?
(40:59 / All) AFKBangingYoMom: UD is the most forgiving race to play on micro
(41:05 / All) AFKBangingYoMom: auto web etc
(41:41 / All) RaNoR: so many ud heros
(42:17 / Allies) LittleBoPeep: rofl
(42:21 / Allies) LittleBoPeep: what a fucking dink
(42:30 / Allies) LittleBoPeep: you mistake that for my expo?
(42:35 / Allies) LittleBoPeep: fucking muff sucker
(42:41 / Allies) LittleBoPeep: look at this toolbag
(42:49 / Allies) LastManStanding: you sound mad?
(42:58 / Allies) LittleBoPeep: you sound like a tranny
(43:23 / Allies) LittleBoPeep: little tranny muffsucker
(43:36 / All) JEFFO.net: Gg